| TOP OF THE 1ST |
|
Everett AquaSox batting - Pitching for Los Angeles (NYP) Angels : RHP Jose Alvarado
|
|
Pitching: RHP Jose Alvarado
|
|
|
Batting: SHB Raghnall Ahearne
|
0-0: Ball 1-0: Foul Ball, location: 2F 1-1: Foul Ball, location: 2F 1-2: Strikes out swinging
|
|
Batting: LHB Kenny Gerrity
|
0-0: Called Strike 0-1: Called Strike 0-2: TRIPLE (Line Drive, 9LD, EV 101.9 MPH)
|
|
Batting: RHB John Peterson
|
0-0: Ball 1-0: Called Strike 1-1: Foul Ball, location: 2F 1-2: Ground out 5-3 (Groundball, 56S, EV 87.5 MPH) Kenny Gerrity scores
|
|
Batting: LHB Omar Colunga
|
0-0: Ball 1-0: Called Strike 1-1: Ground out 6-3 (Groundball, P, EV 95.6 MPH)
|
| Top of the 1st over - 1 run, 1 hit, 0 errors, 0 left on base; Everett 1 - Los Angeles (NYP) 0 |
| BOTTOM OF THE 1ST |
|
Los Angeles (NYP) Angels batting - Pitching for Everett AquaSox : RHP Robby Reyna
|
|
Pitching: RHP Robby Reyna
|
|
|
Batting: RHB Randy Grewe
|
0-0: Foul Ball, location: 2F 0-1: Ball 1-1: Ground out U3 (Groundball, 34, EV 101.2 MPH)
|
|
Batting: RHB Jeff Long
|
0-0: SINGLE (Groundball, 56D, EV 98.1 MPH) (infield hit)
|
|
Batting: SHB Conor Davies
|
0-0: Ball Jeff Long steals 2nd base (no throw) 1-0: Foul Ball, location: 2F 1-1: Fly out, F7 (Flyball, 78D, EV 99.4 MPH)
|
|
Batting: RHB Tsega Haida
|
0-0: Ball 1-0: Ball 2-0: Called Strike 2-1: Ball 3-1: Base on Balls
|
|
Batting: RHB Steve Hasson
|
0-0: Ball 1-0: Called Strike 1-1: Foul Ball, location: 2F 1-2: Strikes out swinging
|
| Bottom of the 1st over - 0 runs, 1 hit, 0 errors, 2 left on base; Everett 1 - Los Angeles (NYP) 0 |
| TOP OF THE 2ND |
|
Everett AquaSox batting - Pitching for Los Angeles (NYP) Angels : RHP Jose Alvarado
|
|
Batting: RHB Justin Colella
|
0-0: Called Strike 0-1: Called Strike 0-2: Ball 1-2: Foul Ball, location: 2F 1-2: Ball 2-2: Ball 3-2: Strikes out looking
|
|
Batting: RHB Chris Van Niel
|
0-0: Swinging Strike 0-1: Ball 1-1: Foul Ball, location: 2F 1-2: Hit by Pitch
|
|
Batting: SHB Ryan Clark
|
0-0: Called Strike 0-1: Hit by Pitch Chris Van Niel to second
|
|
Batting: LHB David Walker
|
0-0: Called Strike Chris Van Niel steals 3rd base Ryan Clark to second 0-1: Foul Ball, location: 2F 0-2: Ball 1-2: Fly out, F7 (Line Drive, 7, EV 93.1 MPH) Runner from 3rd tags up, SCORES, throw by LF
|
|
Batting: RHB Omar Solis
|
0-0: Foul Ball, location: 2F 0-1: Swinging Strike 0-2: Ball 1-2: Ball 2-2: Ball 3-2: Strikes out swinging
|
| Top of the 2nd over - 1 run, 0 hits, 0 errors, 1 left on base; Everett 2 - Los Angeles (NYP) 0 |
| BOTTOM OF THE 2ND |
|
Los Angeles (NYP) Angels batting - Pitching for Everett AquaSox : RHP Robby Reyna
|
|
Batting: RHB Steve Hughey
|
0-0: Ball 1-0: Ball 2-0: SINGLE (Groundball, 4D, EV 103.1 MPH)
|
|
Batting: RHB David Kunze
|
0-0: Swinging Strike 0-1: Ball 1-1: Ball 2-1: Foul Ball, location: 2F 2-2: Ball 3-2: Strikes out swinging
|
|
Batting: RHB Zach Robbins
|
0-0: Swinging Strike 0-1: Swinging Strike 0-2: Strikes out swinging
|
|
Batting: RHB Mario Velazquez
|
0-0: Ball 1-0: Ball 2-0: Fielders Choice at 2nd, 6-4 (Groundball, 6, EV 101.9 MPH)
|
| Bottom of the 2nd over - 0 runs, 1 hit, 0 errors, 1 left on base; Everett 2 - Los Angeles (NYP) 0 |
| TOP OF THE 3RD |
|
Everett AquaSox batting - Pitching for Los Angeles (NYP) Angels : RHP Jose Alvarado
|
|
Batting: SHB Raghnall Ahearne
|
0-0: Called Strike 0-1: Ball 1-1: Ball 2-1: Ball 3-1: Swinging Strike 3-2: Strikes out swinging
|
|
Batting: LHB Kenny Gerrity
|
0-0: Ball 1-0: Ball 2-0: Fly out, F8 (Flyball, 8RS, EV 86.2 MPH)
|
|
Batting: RHB John Peterson
|
0-0: Ball 1-0: SINGLE (Groundball, 25, EV 62.5 MPH) (infield hit)
|
|
Batting: LHB Omar Colunga
|
0-0: Called Strike John Peterson steals 2nd base 0-1: Ball 1-1: Foul Ball, location: 2F 1-2: Ball 2-2: Ball 3-2: Ground out U3 (Groundball, 34S, EV 86.9 MPH)
|
| Top of the 3rd over - 0 runs, 1 hit, 0 errors, 1 left on base; Everett 2 - Los Angeles (NYP) 0 |
| BOTTOM OF THE 3RD |
|
Los Angeles (NYP) Angels batting - Pitching for Everett AquaSox : RHP Robby Reyna
|
|
Batting: RHB Randy Grewe
|
0-0: Called Strike 0-1: Swinging Strike 0-2: Foul Ball, location: 2F 0-2: Ball 1-2: Ball 2-2: Ground out 4-3 (Groundball, 4, EV 83.8 MPH)
|
|
Batting: RHB Jeff Long
|
0-0: Ball 1-0: Ground out 6-3 (Groundball, 6, EV 108.1 MPH)
|
|
Batting: SHB Conor Davies
|
0-0: Ball 1-0: Called Strike 1-1: Ball 2-1: Ground out 6-3 (Groundball, 6, EV 99.4 MPH)
|
| Bottom of the 3rd over - 0 runs, 0 hits, 0 errors, 0 left on base; Everett 2 - Los Angeles (NYP) 0 |
| TOP OF THE 4TH |
|
Everett AquaSox batting - Pitching for Los Angeles (NYP) Angels : RHP Jose Alvarado
|
|
Batting: RHB Justin Colella
|
0-0: Foul Ball, location: 2F 0-1: Called Strike 0-2: Ball 1-2: Foul Ball, location: 2F 1-2: Ball 2-2: Strikes out swinging
|
|
Batting: RHB Chris Van Niel
|
0-0: Ball 1-0: Ball 2-0: Ball 3-0: Called Strike 3-1: Swinging Strike 3-2: Strikes out looking
|
|
Batting: SHB Ryan Clark
|
0-0: Ball 1-0: Ball 2-0: Foul Ball, location: 2F 2-1: Swinging Strike 2-2: Ball 3-2: Foul Ball, location: 2F 3-2: Strikes out swinging
|
| Top of the 4th over - 0 runs, 0 hits, 0 errors, 0 left on base; Everett 2 - Los Angeles (NYP) 0 |
| BOTTOM OF THE 4TH |
|
Los Angeles (NYP) Angels batting - Pitching for Everett AquaSox : RHP Robby Reyna
|
|
Batting: RHB Tsega Haida
|
0-0: Called Strike 0-1: Ball 1-1: Called Strike 1-2: Strikes out swinging
|
|
Batting: RHB Steve Hasson
|
0-0: Foul Ball, location: 2F 0-1: Ball 1-1: Foul Ball, location: 2F 1-2: Strikes out swinging, 2-3 out at first.
|
|
Batting: RHB Steve Hughey
|
0-0: Ball 1-0: Swinging Strike 1-1: Called Strike 1-2: Strikes out looking
|
| Bottom of the 4th over - 0 runs, 0 hits, 0 errors, 0 left on base; Everett 2 - Los Angeles (NYP) 0 |
| TOP OF THE 5TH |
|
Everett AquaSox batting - Pitching for Los Angeles (NYP) Angels : RHP Jose Alvarado
|
|
Batting: LHB David Walker
|
0-0: Swinging Strike 0-1: SINGLE (Line Drive, 89S, EV 102.5 MPH)
|
|
Batting: RHB Omar Solis
|
0-0: Ball 1-0: Called Strike 1-1: Swinging Strike 1-2: Ball 2-2: Foul Ball, location: 2F 2-2: Ball 3-2: Foul Ball, location: 2F 3-2: Strikes out swinging
|
|
Batting: SHB Raghnall Ahearne
|
0-0: Ball 1-0: Ball 2-0: Foul Ball, location: 2F 2-1: Called Strike 2-2: DOUBLE (Line Drive, 89D, EV 110.6 MPH) David Walker to third
|
|
Batting: LHB Kenny Gerrity
|
0-0: SINGLE (Line Drive, 56D, EV 94.4 MPH) David Walker scores Raghnall Ahearne to third Throwing error, E7 Raghnall Ahearne scores Kenny Gerrity to second
|
|
Batting: RHB John Peterson
|
0-0: Called Strike 0-1: Foul Ball, location: 2F 0-2: Strikes out looking
|
|
Batting: LHB Omar Colunga
|
0-0: Called Strike 0-1: Called Strike 0-2: Ball 1-2: Ball 2-2: Ground out 4-3 (Groundball, 4, EV 96.9 MPH)
|
| Top of the 5th over - 2 runs, 3 hits, 1 error, 1 left on base; Everett 4 - Los Angeles (NYP) 0 |
| BOTTOM OF THE 5TH |
|
Los Angeles (NYP) Angels batting - Pitching for Everett AquaSox : RHP Robby Reyna
|
|
Batting: RHB David Kunze
|
0-0: Swinging Strike 0-1: Swinging Strike 0-2: Ball 1-2: Ground out 4-3 (Groundball, 34D, EV 80.0 MPH)
|
|
Batting: RHB Zach Robbins
|
0-0: Ball 1-0: Called Strike 1-1: Fly out, F8 (Flyball, 89M, EV 98.1 MPH)
|
|
Batting: RHB Mario Velazquez
|
0-0: Swinging Strike 0-1: Ball 1-1: Foul Ball, location: 2F 1-2: Ground out 6-3 (Groundball, 6, EV 83.8 MPH)
|
| Bottom of the 5th over - 0 runs, 0 hits, 0 errors, 0 left on base; Everett 4 - Los Angeles (NYP) 0 |
| TOP OF THE 6TH |
|
Everett AquaSox batting - Pitching for Los Angeles (NYP) Angels : RHP Jose Alvarado
|
|
Batting: RHB Justin Colella
|
0-0: Called Strike 0-1: Called Strike 0-2: Foul Ball, location: 2F 0-2: Ball 1-2: Strikes out looking
|
|
Pitching: RHP Chris Petrey
|
|
|
Batting: RHB Chris Van Niel
|
0-0: Called Strike 0-1: Ball 1-1: Ball 2-1: Foul Ball, location: 2F 2-2: Strikes out swinging
|
|
Batting: SHB Ryan Clark
|
0-0: Ball 1-0: Ball 2-0: Called Strike 2-1: Called Strike 2-2: Strikes out swinging
|
| Top of the 6th over - 0 runs, 0 hits, 0 errors, 0 left on base; Everett 4 - Los Angeles (NYP) 0 |
| BOTTOM OF THE 6TH |
|
Los Angeles (NYP) Angels batting - Pitching for Everett AquaSox : RHP Robby Reyna
|
|
Batting: RHB Randy Grewe
|
0-0: Ball 1-0: Ball 2-0: Ball 3-0: Called Strike 3-1: Ground out 4-3 (Groundball, 4, EV 107.5 MPH)
|
|
Batting: RHB Jeff Long
|
0-0: Fly out, F7 (Flyball, 7LD, EV 108.1 MPH)
|
|
Batting: SHB Conor Davies
|
0-0: Ball 1-0: Swinging Strike 1-1: Called Strike 1-2: Strikes out swinging
|
| Bottom of the 6th over - 0 runs, 0 hits, 0 errors, 0 left on base; Everett 4 - Los Angeles (NYP) 0 |
| TOP OF THE 7TH |
|
Everett AquaSox batting - Pitching for Los Angeles (NYP) Angels : RHP Chris Petrey
|
|
Batting: LHB David Walker
|
0-0: Called Strike 0-1: Ball 1-1: Called Strike 1-2: Foul Ball, location: 2F 1-2: Ball 2-2: Foul Ball, location: 2F 2-2: Ground out 4-3 (Groundball, 4, EV 88.1 MPH)
|
|
Batting: RHB Omar Solis
|
0-0: Foul Ball, location: 2F 0-1: Ball 1-1: Ball 2-1: Ball 3-1: Ground out 2-3 (Groundball, 15S, EV 68.1 MPH)
|
|
Batting: SHB Raghnall Ahearne
|
0-0: Called Strike 0-1: Swinging Strike 0-2: Foul Ball, location: 2F 0-2: Foul Ball, location: 2F 0-2: Ball 1-2: Ball 2-2: Foul Ball, location: 2F 2-2: Reached on error, E4 (Groundball, 4, EV 85.0 MPH)
|
|
Batting: LHB Kenny Gerrity
|
0-0: Ball Raghnall Ahearne steals 2nd base (no throw) 1-0: SINGLE (Line Drive, 9S, EV 111.9 MPH) Raghnall Ahearne to third Runner from 3rd tries for Home, SAFE, throw by RF to home Kenny Gerrity to second
|
|
Batting: RHB John Peterson
|
0-0: Swinging Strike 0-1: Foul Ball, location: 2F 0-2: Strikes out swinging
|
| Top of the 7th over - 1 run, 1 hit, 1 error, 1 left on base; Everett 5 - Los Angeles (NYP) 0 |
| BOTTOM OF THE 7TH |
|
Los Angeles (NYP) Angels batting - Pitching for Everett AquaSox : RHP Robby Reyna
|
|
Batting: RHB Tsega Haida
|
0-0: Ground out 6-3 (Groundball, 6S, EV 91.9 MPH)
|
|
Batting: RHB Steve Hasson
|
0-0: Called Strike 0-1: Ball 1-1: Swinging Strike 1-2: Ball 2-2: Ball 3-2: Base on Balls
|
|
Batting: RHB Steve Hughey
|
0-0: Called Strike Steve Hasson steals 2nd base 0-1: Ball 1-1: Ball 2-1: Called Strike 2-2: Foul Ball, location: 2F 2-2: Strikes out swinging
|
|
Batting: RHB David Kunze
|
0-0: Called Strike 0-1: Ball 1-1: Ball 2-1: Ball 3-1: Called Strike 3-2: Ground out U3 (Groundball, 34, EV 100.6 MPH)
|
| Bottom of the 7th over - 0 runs, 0 hits, 0 errors, 1 left on base; Everett 5 - Los Angeles (NYP) 0 |
| TOP OF THE 8TH |
|
Everett AquaSox batting - Pitching for Los Angeles (NYP) Angels : RHP Chris Petrey
|
|
Batting: LHB Omar Colunga
|
0-0: Ball 1-0: Called Strike 1-1: SINGLE (Line Drive, 34, EV 95.6 MPH)
|
|
Batting: RHB Justin Colella
|
0-0: Foul Ball, location: 2F 0-1: Foul Ball, location: 2F 0-2: Ball 1-2: Ball 2-2: Strikes out swinging
|
|
Batting: RHB Chris Van Niel
|
0-0: Ball 1-0: Ball 2-0: Ball 3-0: Called Strike 3-1: Grounds into double play, 6-4-3 (Groundball, 6, EV 78.1 MPH)
|
| Top of the 8th over - 0 runs, 1 hit, 0 errors, 0 left on base; Everett 5 - Los Angeles (NYP) 0 |
| BOTTOM OF THE 8TH |
|
Los Angeles (NYP) Angels batting - Pitching for Everett AquaSox : RHP Robby Reyna
|
|
Batting: RHB Zach Robbins
|
0-0: Ball 1-0: Swinging Strike 1-1: Ball 2-1: Foul Ball, location: 2F 2-2: Ground out 5-3 (Groundball, 5L, EV 102.5 MPH)
|
|
Pitching: LHP Ed Gilroy
|
|
|
Batting: RHB Mario Velazquez
|
0-0: Called Strike 0-1: Foul Ball, location: 2F 0-2: Ball 1-2: Strikes out looking
|
|
Batting: RHB Randy Grewe
|
0-0: Called Strike 0-1: Ball 1-1: Swinging Strike 1-2: Foul Ball, location: 2F 1-2: Strikes out swinging
|
| Bottom of the 8th over - 0 runs, 0 hits, 0 errors, 0 left on base; Everett 5 - Los Angeles (NYP) 0 |
| TOP OF THE 9TH |
|
Everett AquaSox batting - Pitching for Los Angeles (NYP) Angels : RHP Chris Petrey
|
|
Pitching: LHP Brandon Davis
|
|
|
Batting: SHB Ryan Clark
|
0-0: Called Strike 0-1: SINGLE (Line Drive, 89S, EV 101.2 MPH)
|
|
Batting: LHB David Walker
|
0-0: Ball 1-0: Ball 2-0: Called Strike 2-1: Fly out, F8 (Line Drive, 8RD, EV 90.0 MPH)
|
|
Batting: RHB Omar Solis
|
0-0: Ball 1-0: Ball 2-0: Ball 3-0: Base on Balls Ryan Clark to second
|
|
Batting: SHB Raghnall Ahearne
|
0-0: Foul Ball, location: 2F 0-1: Ball 1-1: Called Strike 1-2: Ball 2-2: Strikes out swinging
|
|
Batting: LHB Kenny Gerrity
|
0-0: Swinging Strike 0-1: Ball 1-1: SINGLE (Line Drive, 56D, EV 106.9 MPH) Ryan Clark to third Omar Solis to second Runner from 3rd tries for Home, SAFE, throw by LF to home
|
|
Pitching: RHP Pete Warren
|
|
|
Batting: RHB John Peterson
|
0-0: Ball 1-0: Ball 2-0: Called Strike 2-1: Swinging Strike 2-2: Foul Ball, location: 2F 2-2: Foul Ball, location: 2F 2-2: Strikes out looking
|
| Top of the 9th over - 1 run, 2 hits, 0 errors, 2 left on base; Everett 6 - Los Angeles (NYP) 0 |
| BOTTOM OF THE 9TH |
|
Los Angeles (NYP) Angels batting - Pitching for Everett AquaSox : LHP Ed Gilroy
|
|
Batting: RHB Jeff Long
|
0-0: Ball 1-0: Ball 2-0: Fly out, F6 (Popup, 56, EV 65.0 MPH)
|
|
Batting: SHB Conor Davies
|
0-0: Ground out 6-3 (Groundball, 6S, EV 68.1 MPH)
|
|
Batting: RHB Tsega Haida
|
0-0: Swinging Strike 0-1: Ball 1-1: Ball 2-1: Foul Ball, location: 2F 2-2: Ground out 6-3 (Groundball, 6, EV 103.1 MPH)
|
| Bottom of the 9th over - 0 runs, 0 hits, 0 errors, 0 left on base; Everett 6 - Los Angeles (NYP) 0 |
|